 Dungeon Crawl Stone Soup version 0.31-a0-750-gfe7b580527 (webtiles) character file.

Game seed: 6516006512201173025

2149 demibob the Spear-Bearer (level 9, -5/64 HPs)
             Began as a Merfolk Chaos Knight on Sept 14, 2023.
             Was a Plaything of Xom.
             Slain by an ice devil (20 damage)
             ... summoned by Xom
             ... on level 6 of the Dungeon.
             The game lasted 00:07:51 (5215 turns).

demibob the Spear-Bearer (Merfolk Chaos Knight)     Turns: 5215, Time: 00:07:52

Health: -5/64      AC:  7    Str: 12    XL:     9   Next: 31%
Magic:  9/9        EV: 18    Int: 12    God:    Xom [......]
Gold:   273        SH:  0    Dex: 17    Spells: 8/8 levels left

rFire   + . .        a - +2 bardiche (venom)
rCold   . . .        (shield currently unavailable)
rNeg    . . .        b - +2 leather armour
rPois   .            (helmet restricted)
rElec   .            (no cloak)
rCorr   .            (no gloves)
SInv    .            (no boots)
Will    .....        (no amulet)
Stlth   +            F - ring of protection from fire
HPRegen 0.30/turn    (no ring)
MPRegen 0.11/turn

%: random rage (3%)
@: hasted, very quick
A: (nimble swimmer 2), mertail, beak, iridescent scales 1, berserk 1
a: Renounce Religion


You were on level 6 of the Dungeon.
You worshipped Xom.
You were a very special plaything of Xom.
You visited 1 branch of the dungeon, and saw 6 of its levels.
You also visited: Sewer.

You collected 273 gold pieces.


Innate Abilities, Weirdness & Mutations

((You are very nimble when in or above water. (Stealth+, EV+, Speed+++)))
Your lower body shifts to a powerful aquatic tail in water.
You have a beak for a mouth.
You are partially covered in iridescent scales. (AC +2)
You sometimes lose your temper in combat.


   Skills:
 - Level 3.2 Fighting
 + Level 12.0 Polearms
 - Level 0.6 Armour
 - Level 11.1 Dodging


You had 8 spell levels left.
You didn't know any spells.
Your spell library contained the following spells:

 Spells                   Type           Power      Damage    Failure   Level
 Static Discharge         Conj/Air       0%         2-2/arc   54%         2
 Sublimation of Blood     Necr           0%         N/A       54%         2
 Wereblood                Tmut           0%         N/A       54%         2
 Airstrike                Air            0%         2d(0-16)  99%         4
 Petrify                  Tmut/Erth      0%         N/A       99%         4
 Summon Lightning Spire   Summ/Air       0%         N/A       99%         4
 Irradiate                Conj/Tmut      0%         3d11      100%        5

Inventory:

Hand Weapons
 a - a +2 bardiche of venom (weapon)
 e - a +1 spectral spear
Missiles
 f - 2 throwing nets {=f}
Armour
 b - a +2 leather armour (worn)
 r - a +0 pair of gloves
Jewellery
 F - a ring of protection from fire (left hand)
 I - a +6 ring of intelligence
Wands
 d - a wand of flame (4)
Scrolls
 g - a scroll of fear
 i - 3 scrolls of amnesia
 j - a scroll of fog
 q - 3 scrolls of noise
Potions
 c - a potion of attraction {unknown}
 h - a potion of might {unknown}
 k - a potion of brilliance {unknown}
 l - a potion of resistance
 m - 3 potions of haste {@q3}
 n - a potion of mutation {unknown}
 p - a potion of heal wounds {unknown}

Dungeon Overview and Level Annotations

Branches:
Dungeon (6/15)             Temple (0/1) D:4           Sewer (visited)

Altars:
Ashenzari
Gozag

Shops:
D:4

(
#.#.###.####.#####.##.##........
#....##.# #.##....##.#####.###.
#.......# #.##.##.##.......# #.
##...#### #.##.##.########## #.
#...# #.......# ##. #...#
####.##.##.# #.# #...#
#..>....##.# ###### ##.
###...####.##....##.# .....# ##
...............#@##.##.....# #
........>......#4o....÷....#
....................##.....#
###...####.##...).#.# .....#
##...####........#.# ######
#......######......#
#....#.###.##.§....#
#...........#...#.## ########
#....#.###.##.#.#.# #......###


You could see an ice devil (summoned) and an orc warrior.


Message History

The orc warrior is severely wounded.
The orc barely misses you. The orc warrior barely misses you.
The crimson imp grins evilly.
The crimson imp misses you. The orc warrior misses you.
Unknown command.
You closely miss the orc warrior.
The orc warrior is severely wounded.
The crimson imp barely misses you.
The orc warrior hits you with a +0 scimitar!
Unknown command.
Okay, then.
You feel yourself speed up. The ice devil misses you.
The crimson imp hits you but does no damage.
The orc warrior hits you with a +0 scimitar.
The crimson imp barely misses you.
You hit the ice devil.
The ice devil is lightly wounded.
The crimson imp barely misses you. The ice devil misses you.
You hit the ice devil but do no damage. Your peck misses the ice devil.
The ice devil is lightly wounded.
The crimson imp blinks!
The ice devil hits you. The ice devil freezes you!!
* * * LOW HITPOINT WARNING * * *
You are too injured to fight recklessly!
You closely miss the ice devil.
You peck the ice devil, but do no damage.
The ice devil is lightly wounded.
The crimson imp blinks!
The ice devil hits you!
* * * LOW HITPOINT WARNING * * *
The ice devil freezes you!!
You die...

Skill      XL: |  1  2  3  4  5  6  7  8  9 |
---------------+----------------------------+-----
Dodging        | 3 4 5 7 8 10 11 | 11.1
Polearms       | 5 6 7 9 11 12 | 12.0
Fighting       | |  3.2
Armour         | |  0.6

Action                     |  1- 3 |  4- 6 |  7- 9 || total
---------------------------+-------+-------+-------++-------
  Melee: Spear             |    91 |   240 |   224 ||   555
         Peck              |       |    17 |    59 ||    76
         Punch             |       |     5 |     2 ||     7
         Tailslap          |       |     4 |       ||     4
         Bardiche          |       |       |    30 ||    30
  Evoke: Wand              |       |     3 |     1 ||     4
    Use: Scroll            |     2 |     6 |     7 ||    15
         Potion            |       |       |     3 ||     3
   Stab: Sleeping          |     2 |    11 |     4 ||    17
         Paralysed         |     1 |     4 |       ||     5
         Petrifying        |       |     1 |       ||     1
         Distracted        |       |       |     4 ||     4
 Armour: Leather armour    |    49 |    92 |    75 ||   216
  Dodge: Dodged            |    50 |   141 |   111 ||   302

Levels and vault maps discovered:
D:1:      dpeg_arrival_concentric_ovals, layout_basic, amethyst_killhole
D:2:      layout_basic, uniq_terence, uniq_jessica
D:3:      layout_basic, mainiacjoe_overflow_chevrons, gup_sewer_entry_bowl,
          shapermc_ecumenical_altar_mp_highgroup
D:4:      layout_cave_pools, minmay_temple_entry_grid, serial_shops,
          nicolae_shop_hallway_plus, serial_demonic, serial_demonic_a,
          serial_demonic_f, serial_demonic_g, serial_demonic_f,
          serial_demonic_b, serial_demonic_d, minmay_goblin_kobold_house,
          uniq_sigmund, uniq_grinder, uniq_eustachio
D:5:      layout_basic, uniq_edmund, uniq_blork_the_orc, uniq_menkaure,
          uniq_duvessa
D:6:      layout_loops_cross, nicolae_gozag_seed_capital,
          minmay_manual_monolith, uniq_jeremiah

Notes
Turn   | Place    | Note
-------+----------+-------------------------------------------
     0 | D:1      | demibob the Merfolk Chaos Knight began the quest for the
                  | Orb.
     0 | D:1      | Reached XP level 1. HP: 18/18 MP: 1/1
    77 | D:1      | Reached skill level 3 in Dodging
    83 | D:1      | Reached XP level 2. HP: 7/24 MP: 2/2
   319 | D:1      | XOM: silly message
   363 | D:1      | Reached XP level 3. HP: 17/29 MP: 3/3
   449 | D:1      | XOM: silly message
   755 | D:1      | XOM: give mutations
   755 | D:1      | Gained mutation: You are agile. (Dex +4, Str/Int -1) [Xom's
                  | mischief]
   755 | D:1      | Gained mutation: You are dopey. (Int -2) [Xom's mischief]
   854 | D:2      | Reached skill level 5 in Polearms
   855 | D:2      | Noticed Jessica
   860 | D:2      | Killed Jessica
   861 | D:2      | Reached skill level 4 in Dodging
   861 | D:2      | Reached XP level 4. HP: 35/35 MP: 4/4
   944 | D:2      | XOM: 4-stop teleportation journey
  1232 | D:2      | Noticed Terence
  1238 | D:2      | Killed Terence
  1439 | D:2      | Reached skill level 5 in Dodging
  1446 | D:2      | XOM: draining
  1465 | D:2      | Reached XP level 5. HP: 35/35 MP: 5/5
  1848 | D:2      | XOM: give mutations
  1848 | D:2      | Gained mutation: You have a beak for a mouth. [Xom's
                  | mischief]
  1848 | D:2      | Gained mutation: Your spells are a little harder to cast,
                  | but a little more powerful. [Xom's mischief]
  1848 | D:2      | Gained mutation: You have a somewhat thin skeletal
                  | structure. (Dex +2, Stealth+) [Xom's mischief]
  1880 | D:3      | Noticed an ogre
  1881 | D:3      | XOM: noise
  1893 | D:3      | Killed an ogre
  1894 | D:3      | Reached skill level 6 in Polearms
  1907 | D:3      | XOM: give mutations
  1907 | D:3      | Lost mutation: You are dopey. (Int -2) [Xom's mischief]
  1907 | D:3      | Lost mutation: You are agile. (Dex +4, Str/Int -1) [Xom's
                  | mischief]
  1907 | D:3      | Gained mutation: You are partially covered in iridescent
                  | scales. (AC +2) [Xom's mischief]
  2037 | D:3      | XOM: noise
  2225 | D:3      | Found a faded altar of an unknown god.
  2272 | D:3      | Found a broken altar of Ashenzari.
  2382 | D:3      | Reached XP level 6. HP: 47/47 MP: 6/6
  2384 | D:3      | XOM: potion effect (haste)
  2390 | D:3      | Reached skill level 6 in Dodging
  2395 | D:3      | Found a glowing drain.
  2399 | Sewer    | Entered a sewer
  2511 | Sewer    | Reached skill level 7 in Polearms
  2968 | D:4      | Noticed Grinder
  2980 | D:4      | XOM: silly message
  2999 | D:4      | Reached skill level 7 in Dodging
  2999 | D:4      | Reached XP level 7. HP: 50/52 MP: 7/7
  3058 | D:4      | XOM: silly message
  3063 | D:4      | Killed Grinder
  3064 | D:4      | Reached skill level 8 in Polearms
  3088 | D:4      | Found a staircase to the Ecumenical Temple.
  3101 | D:4      | Reached skill level 8 in Dodging
  3141 | D:4      | XOM: silly message
  3218 | D:4      | Noticed Eustachio
  3271 | D:4      | Killed Eustachio
  3272 | D:4      | Reached skill level 9 in Polearms
  3272 | D:4      | Reached XP level 8. HP: 44/58 MP: 8/8
  3281 | D:4      | XOM: divination: detect items
  3510 | D:4      | XOM: give mutations
  3510 | D:4      | Gained mutation: You have hidden genetic defects. [Xom's
                  | mischief]
  3510 | D:4      | Lost mutation: You have hidden genetic defects. [Xom's
                  | mischief]
  3510 | D:4      | Gained mutation: Armour fits poorly on your strangely
                  | shaped body. [Xom's mischief]
  3510 | D:4      | Lost mutation: You have a somewhat thin skeletal structure.
                  | (Dex +2, Stealth+) [Xom's mischief]
  3540 | D:4      | Found Ofarph's Weapon Shoppe.
  3563 | D:4      | Noticed Sigmund
  3582 | D:4      | Killed Sigmund
  3583 | D:4      | Reached skill level 9 in Dodging
  3633 | D:4      | XOM: give mutations
  3633 | D:4      | Gained mutation: You sometimes lose your temper in combat.
                  | [Xom's mischief]
  3633 | D:4      | Lost mutation: Your spells are a little harder to cast, but
                  | a little more powerful. [Xom's mischief]
  3694 | D:5      | Entered Level 5 of the Dungeon
  3773 | D:5      | XOM: 1-stop teleportation journey
  3775 | D:5      | Noticed Duvessa
  3776 | D:5      | Noticed Dowan
  3777 | D:5      | XOM: draining
  3781 | D:5      | Reached skill level 10 in Polearms
  3789 | D:5      | Killed Duvessa
  3793 | D:5      | Killed Dowan
  3806 | D:5      | Reached skill level 10 in Dodging
  3820 | D:5      | XOM: confusion
  4069 | D:5      | Noticed Edmund
  4108 | D:5      | Killed Edmund
  4109 | D:5      | Reached skill level 11 in Polearms
  4109 | D:5      | Reached XP level 9. HP: 34/64 MP: 9/9
  4531 | D:5      | Noticed Blork the orc
  4534 | D:5      | XOM: stat loss: -1 Dex (16/17)
  4537 | D:5      | Killed Blork the orc
  4563 | D:5      | Noticed Menkaure
  4618 | D:5      | Killed Menkaure
  4619 | D:5      | Reached skill level 11 in Dodging
  4734 | D:5      | Identified a potion of resistance
  4735 | D:5      | Identified a scroll of acquirement
  4735 | D:5      | Acquired a +2 bardiche of venom
  4795 | D:5      | XOM: give mutation
  4795 | D:5      | Lost mutation: Armour fits poorly on your strangely shaped
                  | body. [Xom's mischief]
  4920 | D:6      | Reached skill level 12 in Polearms
  5124 | D:6      | Found an opulent altar of Gozag.
  5205 | D:6      | XOM: enchant monster (bad)
  5207 | D:6      | XOM: summons 2 hostile demons
  5208 | D:6      | Noticed an ice devil
  5215 | D:6      | Slain by an ice devil

Vanquished Creatures
  Grinder (D:4)
  Sigmund (D:4)
  Eustachio (D:4)
  Menkaure (D:5)
  Edmund (D:5)
  Duvessa (D:5)
  An ice beast (D:6)
  2 ogres
  3 kobold brigands (Sewer)
  Blork the orc (D:5)
  3 scorpions
  Dowan (D:5)
  2 jellies (D:5)
  3 quasits (D:4)
  2 hounds
  An orc priest (D:5)
  A sleepcap (D:5)
  Jessica (D:2)
  2 orc wizards (D:5)
  Terence (D:2)
  4 adders
  A river rat (D:3)
  5 shadow imps
  4 white imps (D:4)
  2 ufetubi (D:4)
  3 worms (D:2)
  4 dart slugs
  13 orcs
  5 endoplasms
  6 giant cockroaches
  9 goblins
  9 hobgoblins
  7 jackals
  7 quokkas
  6 ball pythons
  11 bats
  3 frilled lizards
  19 kobolds
  6 rats
154 creatures vanquished.

Table legend: (Time is in decaauts)
 A = Elapsed time spent in this place.
 B = Non-inter-level travel time spent in this place.
 C = Inter-level travel time spent in this place.
 D = Time resting spent in this place.
 E = Time spent auto-exploring this place.
 F = Levels seen in this place.
 G = Mean time per level.
                   A        B        C        D        E       F      G
               +--------+--------+--------+--------+--------+-----+--------+
         Total |   5046 |   4930 |    116 |    247 |   3805 |   7 |  720.9 |
       Dungeon |   4758 |   4642 |    116 |    247 |   3626 |   6 |  793.0 |
         Sewer |    287 |    287 |      0 |      0 |    178 |   1 |  287.0 |
               +--------+--------+--------+--------+--------+-----+--------+

Top non-repeatable levels by time:
     D:5: 1122 daAuts
     D:2: 1017 daAuts
     D:1: 834 daAuts
     D:3: 706 daAuts
     D:4: 686 daAuts
     D:6: 391 daAuts
   Sewer: 287 daAuts

Table legend:
 A = Non-vault XP
 B = Vault XP
 C = Vault XP percentage of total XP
 D = Non-vault monster count
 E = Vault monster count
 F = Vault count percentage of total count
                 A         B        C        D         E       F
            +---------+---------+-------+---------+---------+-------
      Total |    1193 |    1878 |  61.2 |      99 |      54 |  35.3
            +---------+---------+-------+---------+---------+-------
        D:1 |      47 |       0 |   0.0 |      26 |       0 |   0.0
        D:2 |      50 |      69 |  58.0 |      21 |       2 |   8.7
        D:3 |     154 |      18 |  10.5 |      12 |       4 |  25.0
        D:4 |     160 |     913 |  85.1 |      15 |      19 |  55.9
        D:5 |     534 |     652 |  55.0 |      17 |       5 |  22.7
        D:6 |     248 |       0 |   0.0 |       8 |       0 |   0.0
      Sewer |       0 |     226 | 100.0 |       0 |      24 | 100.0
            +---------+---------+-------+---------+---------+-------
